 Dungeon Crawl Stone Soup version 0.27.0-1-g7a089689b8 (webtiles) character file.

Game seed: 3389178154059625369

1416 pkoi the Cleaver (level 8, 0/70 HPs)
             Began as a Minotaur Gladiator on Aug 3, 2021.
             Slain by Menkaure (18 damage)
             ... on level 6 of the Dungeon.
             The game lasted 00:06:10 (4491 turns).

pkoi the Cleaver (Minotaur Gladiator)               Turns: 4491, Time: 00:06:10

Health: 0/70       AC: 14    Str: 20 (21) XL:     8   Next: 43%
Magic:  7/7        EV:  9    Int:  2 (5)  God:
Gold:   216        SH:  0    Dex:  9 (12) Spells: 7/7 levels left

rFire    . . .     SeeInvis .   a - +0 war axe
rCold    . . .     Faith    .   (no shield)
rNeg     . . .     Spirit   .   j - +0 chain mail
rPois    .         Reflect  .   c - +1 hat
rElec    .         Harm     .   s - +1 cloak
rCorr    .         Rampage  .   (no gloves)
Will     .....                  h - +0 pair of boots
Stlth    ..........             k - amulet of the acrobat
HPRegen  0.21/turn              (no ring)
MPRegen  0.10/turn              (no ring)

@: no status effects
A: horns 2, retaliatory headbutt
a: no special abilities


You were on level 6 of the Dungeon.
You visited 1 branch of the dungeon, and saw 6 of its levels.

You collected 216 gold pieces.

Inventory:

Hand Weapons
 a - a +0 war axe (weapon)
 b - a +0 arbalest
Missiles
 d - 3 throwing nets
 t - 25 bolts
Armour
 c - a +1 hat (worn)
 h - a +0 pair of boots (worn)
 j - a +0 chain mail (worn)
 s - a +1 cloak (worn)
Jewellery
 k - an amulet of the acrobat (around neck)
Wands
 i - a wand of flame (19) (quivered)
 p - a wand of iceblast (8)
Scrolls
 e - 2 scrolls of amnesia
 g - a scroll of identify
 n - a scroll of enchant armour
 o - a scroll of enchant weapon {unknown}
 r - a scroll of silence
Potions
 f - 2 potions of curing
 l - a potion of ambrosia
 m - 2 potions of degeneration
 q - a potion of heal wounds


   Skills:
 + Level 5.7 Fighting
 * Level 8.9 Axes
 - Level 1.3 Crossbows
 - Level 2.1 Throwing
 + Level 5.1 Armour
 + Level 5.9 Dodging


You had 7 spell levels left.
You didn't know any spells.
Your spell library was empty.

Dungeon Overview and Level Annotations

Branches:
Dungeon (6/15)
 Temple: D:4-7

Altars:

Annotations:
D:2 1 runed translucent door, Crazy Yiuf
D:3 3 runed translucent doors, Exaltedone87's ghost, weakling GrCj
D:6 Blork the orc; Menkaure


Innate Abilities, Weirdness & Mutations

You have a pair of horns on your head.
You reflexively headbutt those who attack you in melee.


Message History

There are monsters nearby!
The howler monkey skeleton misses you. You furiously retaliate!
You headbutt the howler monkey skeleton.
You slash the howler monkey skeleton!
The howler monkey skeleton is severely damaged.
The howler monkey skeleton hits you but does no damage.
You slash the howler monkey skeleton!
You destroy the howler monkey skeleton!
Blork the orc frowns.
Blork the orc miscasts a cantrip.
Menkaure calls on the powers of darkness!
Your body is wracked with pain!
Blork the orc convulses!
Unknown command.
Menkaure completely misses you.
Unknown command.
You slash Menkaure!
Menkaure is moderately damaged.
Menkaure hits you!
* * * LOW HITPOINT WARNING * * *
Blork the orc gestures wildly while chanting.
Blork the orc seems to speed up.
Menkaure hits you.
* * * LOW HITPOINT WARNING * * *
Unknown command.
You are too injured to fight recklessly!
You are too injured to fight recklessly!
Unknown command.
It was a potion of heal wounds.
You feel much better. Menkaure hits you!
Blork the orc gestures at you while chanting.
The magic dart hits you.
It was a potion of degeneration.
There was something very wrong with that liquid.
You feel weakened.
You feel dopey.
You feel clumsy.
Menkaure calls on the powers of darkness!
Your body is wracked with pain!
* * * LOW HITPOINT WARNING * * *
Blork the orc convulses!
It was a potion of curing.
You feel better.
Blork the orc hits you but does no damage.
Menkaure hits you!!
You die...

........#.##....#.#
#.......#.##....#...
#.......#.##....#...#
#.......#'##....#...#
.................
.#######........
#........
#######........
#...M@.........
#.....o........
#..............
#..........####
#............
#.............
...............
...............


You could see Blork the orc (fast) and Menkaure (fast).

Vanquished Creatures
  Sigmund (D:5)
  An ice beast (D:5)
  2 ogres
  2 centaurs
  2 necrophages (D:4)
  A bullfrog (D:5)
  2 scorpions
  A water moccasin skeleton (D:5)
  A bullfrog zombie (D:5)
  A jelly (D:4)
  Ijyb (D:3)
  Jessica (D:3)
  Terence (D:2)
  An orc wizard (D:3)
  3 gnolls (D:6)
  A howler monkey skeleton (D:6)
  An adder (D:3)
  2 shadow imps (D:5)
  A worm (D:3)
  4 dart slugs
  11 orcs
  6 endoplasms
  2 giant cockroaches
  8 goblins
  7 hobgoblins
  5 jackals
  5 kobolds
  3 quokkas
  11 ball pythons
  8 bats
  4 frilled lizards
  2 rats
102 creatures vanquished.

Vanquished Creatures (collateral kills)
  A shadow (D:5)
1 creature vanquished.

Grand Total: 103 creatures vanquished

Notes
Turn   | Place    | Note
-------+----------+-------------------------------------------
     0 | D:1      | pkoi the Minotaur Gladiator began the quest for the Orb.
     0 | D:1      | Reached XP level 1. HP: 18/18 MP: 0/0
    56 | D:1      | Reached skill level 4 in Axes
   104 | D:1      | Reached XP level 2. HP: 25/25 MP: 1/1
   798 | D:2      | Reached XP level 3. HP: 30/30 MP: 2/2
  1156 | D:2      | Noticed Terence
  1172 | D:2      | Killed Terence
  1173 | D:2      | Reached skill level 5 in Axes
  1173 | D:2      | Reached skill level 1 in Armour
  1539 | D:2      | Reached XP level 4. HP: 37/37 MP: 3/3
  1572 | D:2      | Found a runed translucent door.
  1573 | D:2      | Noticed Crazy Yiuf
  1988 | D:3      | Noticed Jessica
  1990 | D:3      | Noticed Ijyb
  1997 | D:3      | Killed Ijyb
  1998 | D:3      | Reached XP level 5. HP: 37/45 MP: 4/4
  2001 | D:3      | Killed Jessica
  2344 | D:3      | Found a runed translucent gate.
  2344 | D:3      | Found a runed translucent gate.
  2345 | D:3      | Found a runed translucent gate.
  2346 | D:3      | Noticed Exaltedone87's ghost (weakling GrCj)
  2753 | D:4      | Noticed an ogre
  2799 | D:4      | Noticed a necrophage
  2810 | D:4      | Killed a necrophage
  2811 | D:4      | Reached skill level 6 in Axes
  2811 | D:4      | Reached skill level 1 in Crossbows
  2811 | D:4      | Reached XP level 6. HP: 45/51 MP: 5/5
  3242 | D:5      | Entered Level 5 of the Dungeon
  3251 | D:5      | Reached skill level 7 in Axes
  3251 | D:5      | Reached XP level 7. HP: 41/59 MP: 6/6
  3440 | D:5      | Noticed Sigmund
  3446 | D:5      | Killed Sigmund
  3447 | D:5      | Reached skill level 5 in Dodging
  3477 | D:5      | Noticed a shadow
  3495 | D:5      | Killed a shadow
  3737 | D:5      | Reached skill level 5 in Fighting
  3737 | D:5      | Reached skill level 8 in Axes
  3740 | D:5      | Reached XP level 8. HP: 43/68 MP: 7/7
  4347 | D:6      | Reached skill level 5 in Armour
  4483 | D:6      | Noticed Menkaure
  4483 | D:6      | Noticed Blork the orc
  4491 | D:6      | Slain by Menkaure

Illustrated notes

Levels and vault maps discovered:
D:1:      minmay_arrival_jagged, layout_loops_ring
D:2:      layout_rooms, minmay_liquid_box, minmay_vboxes,
          uniq_crazy_yiuf_cottage, uniq_terence
D:3:      layout_rooms, gammafunk_ghost_necromancy, uniq_jessica, uniq_ijyb
D:4:      layout_basic
D:5:      layout_basic, chequers_serial_rivers_small_b, uniq_duvessa,
          uniq_sigmund
D:6:      layout_basic, ebering_ghost_reflecting_pool, uniq_menkaure,
          uniq_blork_the_orc

Skill      XL: |  1  2  3  4  5  6  7  8 |
---------------+-------------------------+-----
Axes           | 4 5 6 7 8 |  8.9
Armour         | 1 2 3 4 5 |  5.1
Fighting       | 3 4 5 |  5.7
Dodging        | 4 5 |  5.9
Crossbows      | 1 |  1.3
Throwing       | |  2.1

Action                   |  1- 3 |  4- 6 |  7- 9 || total
-------------------------+-------+-------+-------++-------
Melee: War axe           |    66 |    97 |    58 ||   221
       Headbutt          |    15 |    14 |    13 ||    42
Evoke: Wand              |       |       |     3 ||     3
  Use: Scroll            |     7 |       |     3 ||    10
       Potion            |       |       |     4 ||     4
Armor: Leather armour    |    10 |       |       ||    10
       Chain mail        |    20 |    63 |    38 ||   121
Dodge: Dodged            |    46 |    62 |    28 ||   136
